Map: New Repugnancy LE

Players

VoiDNesS

  • Race: Protoss Protoss
  • League: Master
  • Spawn Location: 7:00

Mez - Winner!

  • Race: Terran Terran
  • League: Master
  • Spawn Location: 1:00

VOD

Have the link to the VOD?

Description

Time

  • Played on: Aug. 1, 2019, 3:56 a.m.
  • Length: 7:47
Show
View Real Time Build Order
Export as new Build Order

VoiDNesS Protoss 

Build Orders: 1 Gate Expand 

Get SALT Encoding   

  12  0:01  Probe  
  13  0:13  Probe  
  14  0:22  Pylon  
  14  0:25  Probe  
  15  0:38  Probe  
  15  0:42  Gateway  
  16  0:47  Probe  
  16  0:53  Assimilator  
  16  0:55  Probe  
  18  1:06  Probe  
  19  1:21  Nexus  
  19  1:23  Probe  
  20  1:34  Cybernetics Core  
  20  1:36  Probe  
  21  1:42  Assimilator  
  21  1:49  Probe  
  21  1:52  Pylon  
  22  2:01  Probe  
  23  2:03  Adept  
  23  2:10  Probe  
  23  2:12  Warp Gate  
  25  2:20  Probe  
  25  2:22  Robotics Facility  
  26  2:30  Probe  
  26  2:39  Probe, Adept  
  26  2:41  Probe  
  30  2:47  Probe  
  31  2:53  Probe  
  31  2:57  Probe  
  32  3:05  Probe  
  34  3:23  Probe  
  34  3:24  Probe  
  34  3:27  Observer  
  37  3:31  Robotics Bay  
  37  3:32  Probe x2  
  37  3:36  Pylon  
  37  3:40  Probe x2, Pylon  
  41  3:50  Probe x2, Observer  
  44  3:59  Gateway  
  44  4:00  Gateway  
  44  4:02  Gateway  
  44  4:05  Twilight Council  
  44  4:06  Forge  
  44  4:07  Probe  
  44  4:09  Probe  
  46  4:15  Disruptor  
  46  4:17  Stalker  
  46  4:21  Shield Battery  
  40  4:42  Pylon  
  29  4:58  Stalker x2  
  21  5:07  Observer  
  15  5:16  Probe  
  15  5:27  Probe  
  15  5:33  Probe  
  17  5:38  Probe  
  17  5:41  Probe  
  18  5:45  Observer  
  19  5:50  Probe x2  
  19  5:53  Observer  
  21  6:02  Probe  
  22  6:05  Probe  
  23  6:15  Probe  
  23  6:17  Probe  
  25  6:25  Probe  
  25  6:27  Probe  
  27  6:36  Disruptor  
  27  6:37  Probe  
  27  6:39  Probe  
  30  6:46  Observer  
  32  6:48  Probe  
  32  6:49  Probe  
  34  6:57  Probe  
  34  7:00  Observer  
  35  7:01  Probe  
  36  7:08  Probe  
  40  7:17  Stalker  
  41  7:25  Probe  
  41  7:28  Probe  
  43  7:33  Probe  
Show
View Real Time Build Order
Export as new Build Order

Mez Terran - Winner!

Build Orders: Reaper Expand 

Get SALT Encoding   

  12  0:00  SCV  
  13  0:13  SCV  
  14  0:19  Supply Depot  
  14  0:25  SCV  
  15  0:40  SCV  
  15  0:42  Barracks  
  16  0:45  Refinery  
  16  0:52  SCV  
  17  1:04  SCV  
  18  1:16  SCV  
  19  1:32  Reaper, Orbital Command  
  20  1:42  Command Center  
  20  1:56  Barracks  
  20  1:57  SCV  
  21  2:06  Barracks Reactor  
  21  2:15  Barracks  
  21  2:19  SCV  
  21  2:22  Supply Depot  
  22  2:31  SCV  
  23  2:44  SCV  
  24  2:46  Marine  
  24  2:47  Marine, Barracks Tech Lab  
  26  2:56  Orbital Command  
  26  3:08  Marine x3  
  26  3:10  Concussive Shells, Marauder  
  26  3:12  SCV  
  32  3:24  SCV x2  
  34  3:28  Marine x3  
  34  3:29  Supply Depot  
  34  3:32  Marauder  
  39  3:37  SCV x2  
  41  3:44  Engineering Bay  
  41  3:46  Marine  
  41  3:47  Marine x2  
  44  3:49  SCV x2  
  46  3:57  Stimpack  
  46  3:59  Supply Depot  
  46  4:01  SCV x2  
  48  4:09  Marine x3  
  50  4:10  Marine  
  50  4:13  SCV x2  
  54  4:25  SCV x2  
  54  4:27  Marine  
  57  4:37  SCV x2  
  58  4:49  SCV  
  58  4:57  Marine x3  
  57  5:01  Barracks x2  
  57  5:02  SCV x2, Terran Infantry Weapons Level 1  
  57  5:03  Factory, Command Center  
  54  5:14  SCV x2  
  54  5:23  Refinery  
  54  5:24  Refinery  
  54  5:25  Supply Depot  
  54  5:26  SCV x2, Supply Depot  
  54  5:27  Marauder  
  58  5:28  Barracks Tech Lab  
  58  5:29  Marine  
  59  5:38  Refinery, SCV  
  60  5:44  Marine  
  61  5:50  Barracks Reactor, Barracks Tech Lab  
  61  5:52  SCV x2  
  63  6:00  Missile Turret  
  63  6:05  Missile Turret  
  63  6:08  Missile Turret, Factory Reactor  
  63  6:09  Marine x4, Starport  
  63  6:10  Marine  
  68  6:12  SCV x2  
  68  6:16  Combat Shield  
  70  6:20  Supply Depot x2  
  70  6:24  SCV x2  
  72  6:27  Marine x2  
  72  6:28  Marauder x2  
  78  6:36  SCV  
  78  6:37  Marine x2  
  78  6:38  Marauder  
  78  6:39  Orbital Command  
  83  6:45  Marine x2, Supply Depot  
  83  6:46  Supply Depot  
  85  6:49  Marauder  
  85  6:52  Missile Turret  
  87  6:58  Medivac x2  
  87  7:00  Marine x2, Marauder x2  
  97  7:02  Marine  
  97  7:07  SCV x3  
  100  7:21  Marine x4, Marauder x2  
  100  7:22  Marine  
  109  7:27  Armory  
  109  7:30  Supply Depot  
  109  7:31  Supply Depot  
  109  7:32  Engineering Bay  
Tags
 
Add a new tag
Caveats
  • Supply blocks, unpowered buildings, or Contaminate may cause inaccurate times.
  • Supply counts are checked every 10 seconds.